 Dungeon Crawl Stone Soup version 0.28.0-45-g0d030f2227 (webtiles) character file.

Game seed: 5772336985444860461

135 MalarOregon the Grasshopper (level 4, -6/36 HPs)
             Began as a Palentonga Warper on Apr 21, 2022.
             Was a Follower of the Shining One.
             Mangled by a yak (8 damage)
             ... on level 5 of the Dungeon.
             The game lasted 00:05:33 (3165 turns).

MalarOregon the Grasshopper (Palentonga Warper)     Turns: 3165, Time: 00:05:33

Health: -6/36      AC:  6    Str: 15    XL:     4   Next: 97%
Magic:  3/7        EV:  8    Int: 15    God:    the Shining One [*.....]
Gold:   98         SH:  6    Dex:  9    Spells: 3/8 levels left

rFire   + . .      SeeInvis +   a - +1 hand axe
rCold   . . .      Faith    .   (no shield)
rNeg    . . .      Spirit   .   h - +1 ring mail {rF+}
rPois   .          Reflect  .   (no helmet)
rElec   .          Harm     .   (no cloak)
rCorr   .          Rampage  .   (no gloves)
Will    +....                   (no barding)
Stlth   ..........              (no amulet)
HPRegen 0.12/turn               k - ring of willpower
MPRegen 0.10/turn               (no ring)

@: divinely shielded, on blink cooldown, glowing
A: large, rugged brown scales 3, see invisible, deformed body, roll 1, armoured
tail
a: Rolling Charge, Renounce Religion, Divine Shield


You were on level 5 of the Dungeon.
You worshipped the Shining One.
The Shining One was aware of your devotion.
You visited 1 branch of the dungeon, and saw 5 of its levels.

You collected 98 gold pieces.


Innate Abilities, Weirdness & Mutations

You are completely covered in rugged brown scales. (AC +3, +7% HP)
You have supernaturally acute eyesight. (SInv)
Armour fits poorly on your strangely shaped body.
You can roll at nearby foes to attack.
You have a long armoured tail.


   Skills:
 * Level 2.8 Fighting
 * Level 2.8 Axes
 + Level 1.1 Throwing
 + Level 1.1 Armour
 + Level 2.0 Dodging
 * Level 2.5 Spellcasting
 * Level 3.7 Translocations


You had 3 spell levels left.
You knew the following spells:

 Your Spells              Type           Power      Damage    Failure   Level
a - Gell's Gravitas       Tloc           13%        N/A       26%         3
b - Blink                 Tloc           26%        N/A       14%         2

Your spell library contained the following spells:

 Spells                   Type           Power      Damage    Failure   Level
 Lesser Beckoning         Tloc           13%        N/A       26%         3
 Teleport Other           Tloc           13%        N/A       26%         3
 Slow                     Hex            4%         N/A       38%         1
 Confusing Touch          Hex            1%         N/A       77%         3
 Vampiric Draining        Necr           1%         2d6       77%         3
 Manifold Assault         Tloc           13%        N/A       94%         5

Inventory:

Hand Weapons
 a - a +1 hand axe (weapon)
Missiles
 d - 8 boomerangs of dispersal (quivered) {!f}
Armour
 h - a +1 ring mail of fire resistance (worn)
   (You found it on level 2 of the Dungeon)
Jewellery
 k - a ring of willpower (left hand)
   (You found it on level 3 of the Dungeon)
Scrolls
 c - a scroll of blinking

Dungeon Overview and Level Annotations

Branches:
Dungeon (6/15)             Temple (0/1) D:6

Altars:
The Shining One

. #..
#..##.###
#.....>.####
#.###......#
####...#
##.†#######
#..Y.....#
##Y#.....#
#.@Y....#
###.....#
#.....#
#######


You could see a yak and a friendly yak (charmed).


Message History

Things that are here:
a +0 dagger; a +0 robe; an orc corpse
Found 33 stones.
Found a stone staircase leading up.
There is a stone staircase leading up here.
You climb upwards.
The yak bellows! x5; You hear a shout! x2
There is a stone staircase leading down here.
Aiming: Charm
Press: ? - help, Shift-Dir - straight line, f - yak
Aim: a yak (haloed, chance to affect: 49%)
The yak resists with some effort.
The yak gores you.
A sky beast comes into view.
Aiming: Charm
Press: ? - help, Shift-Dir - straight line, f/p - yak
Aim: a yak (haloed, chance to affect: 49%)
The yak resists with some effort.
The yak gores you! The yak gores you!
* * * LOW HITPOINT WARNING * * *
The sky beast hits you but does no damage.
A howler monkey comes into view.
The howler monkey howls!
The sky beast barely misses you.
The sky beast hits you but does no damage.
The yak gores you but does no damage.
Aiming: Charm
Press: ? - help, Shift-Dir - straight line, f/p - yak
Aim: a yak (chance to affect: 49%)
The yak is charmed.
The howler monkey hits you.
* * * LOW HITPOINT WARNING * * *
The yak gores your yak!
You feel better.
The howler monkey hoots and howls with incredible vigour!
Something hits your yak. Something shocks your yak.
The yak closely misses your yak. The howler monkey barely misses you.
Your yak gores something.
The yak gores your yak but does no damage.
Something shouts, "Remove thy stench, thou infectious onion-eyed strumpet!"
You hear a shout!
A divine shield forms around you! Something hits your yak.
Something shocks your yak. The howler monkey barely misses you.
The yak gores your yak!
Your yak dies!
You slash the howler monkey! You tail-slap the howler monkey.
You hit the yak but do no damage. The howler monkey hits you.
* * * LOW HITPOINT WARNING * * *
The sky beast flickers out of sight for a moment.
The yak gores you.
* * * LOW HITPOINT WARNING * * *
Aiming: Charm
Press: ? - help, Shift-Dir - straight line, f/p - yak
Aim: a yak (haloed, chance to affect: 49%)
The yak is charmed.
The howler monkey hits you.
* * * LOW HITPOINT WARNING * * *
The yak gores your yak! x2
Aiming: Charm
Press: ? - help, Shift-Dir - straight line, f - sky beast, p - yak
Aim: a sky beast (lightly wounded, slightly transparent, haloed, chance to affect: 49%)
The sky beast is charmed.
You block the howler monkey's attack. The yak barely misses your yak.
The howler monkey hoots and howls with incredible vigour!
The yak gores your yak!
You hit the howler monkey.
Your tail-slap misses the howler monkey.
Something closely misses your sky beast.
The yak gores your yak!
Your yak dies!
The howler monkey hits you.
* * * LOW HITPOINT WARNING * * *
Aiming: Charm
Press: ? - help, Shift-Dir - straight line, f - yak, p - sky beast
Aim: a yak (haloed, chance to affect: 49%)
The yak is charmed.
The now-empty wand crumbles to dust.
The howler monkey hits you but does no damage.
The yak barely misses your yak.
Your sky beast hits the howler monkey but does no damage.
You completely miss the howler monkey. You barely miss the yak.
You block the howler monkey's attack. The yak gores you!
* * * LOW HITPOINT WARNING * * *
The yak closely misses your yak.
Your sky beast hits the howler monkey.
The howler monkey dies!
Your Dodging skill increases to level 2!
The yak gores your yak.
Your sky beast hits the yak but does no damage.
Your yak gores the yak.
The yak gores your yak! The yak barely misses your sky beast.
Your yak barely misses the yak.
You aren't carrying any items that you can evoke.
Your sky beast hits the yak.
Your sky beast shocks the yak.
The yak barely misses your sky beast.
Your yak gores the yak!
Cast which spell? (? or * to list)
You blink.
Your sky beast barely misses the yak.
The yak gores your sky beast.
Something gores the yak!
Your sky beast hits the yak.
Your sky beast shocks the yak.
The yak gores your sky beast.
Something gores the yak.
Something hits the yak.
Something shocks the yak.
The yak dies!
The yak gores you!
You die...

Skill      XL: |  1  2  3  4 |
---------------+-------------+-----
Throwing       | 1 |  1.1
Armour         | 1 |  1.1
Dodging        | 2 |  2.0
Fighting       | |  2.8
Axes           | |  2.8
Spellcasting   | |  2.5
Translocations | |  3.7

Action                   |  1- 3 |  4- 6 || total
-------------------------+-------+-------++-------
Melee: Hand axe          |   132 |    16 ||   148
       Tailslap          |    15 |     5 ||    20
       Punch             |     1 |       ||     1
 Cast: Blink             |       |     1 ||     1
Invok: Divine Shield     |     1 |     2 ||     3
 Abil: Rolling Charge    |     3 |       ||     3
Evoke: Wand              |       |     6 ||     6
  Use: Scroll            |       |     4 ||     4
       Potion            |       |     1 ||     1
Armor: Leather armour    |    18 |       ||    18
       Ring mail         |    38 |     9 ||    47
Dodge: Dodged            |    53 |     7 ||    60
Block: Other             |     2 |     6 ||     8

Levels and vault maps discovered:
D:1:      lightli_arrival_flooded_house, layout_basic,
          shapermc_ecumenical_altar_ellora, kennysheep_another_room
D:2:      minmay_evil_eye, layout_loops_ring, minmay_domino_2
D:3:      layout_basic, serial_shops, nicolae_shop_hallway_plus,
          nicolae_shop_hallway_stairs, nicolae_shop_advertising_works
          [nicolae_subvault_shop_adworks], uniq_robin
D:5:      layout_rooms, zin_academy, minmay_crystal_water,
          nicolae_shop_sticking_my_neck_out
D:6:      layout_layer_cave, gammafunk_temple_overflow_elements,
          eat_drink_and_be_merry_uskayaw, minmay_temple_entry_steel_oval,
          water_boxes_lemuel, uniq_duvessa, uniq_blork_the_orc

Notes
Turn   | Place    | Note
-------+----------+-------------------------------------------
     0 | D:1      | MalarOregon the Palentonga Warper began the quest for the
                  | Orb.
     0 | D:1      | Reached XP level 1. HP: 17/17 MP: 3/3
   307 | D:1      | Reached XP level 2. HP: 17/23 MP: 5/5
   772 | D:1      | Found a faded altar of an unknown god.
   896 | D:1      | Prayed at the altar of an unknown god.
   896 | D:1      | Became a worshipper of the Shining One
   896 | D:1      | Reached * piety under the Shining One
  1364 | D:1      | Reached XP level 3. HP: 29/29 MP: 6/6
  1919 | D:2      | You pick up a book of Debilitation and begin reading...
  1919 | D:2      | You add the spells Slow, Vampiric Draining and Confusing
                  | Touch to your library.
  2266 | D:2      | Learned a level 2 spell: Blink
  2270 | D:2      | Learned a level 3 spell: Gell's Gravitas
  2410 | D:2      | Reached skill level 1 in Throwing
  2497 | D:1      | Reached skill level 1 in Armour
  2852 | D:3      | Reached XP level 4. HP: 27/36 MP: 7/7
  2955 | D:3      | You fall into a shaft and drop 3 floors!
  2963 | D:6      | Found a staircase to the Ecumenical Temple.
  3141 | D:5      | Entered Level 5 of the Dungeon
  3141 | D:5      | Noticed a yak
  3141 | D:5      | Noticed a yak
  3141 | D:5      | Noticed a yak
  3141 | D:5      | Noticed a yak
  3141 | D:5      | Noticed a yak
  3142 | D:5      | Noticed a sky beast
  3150 | D:5      | HP: 9/36 [howler monkey (2)]
  3158 | D:5      | HP: 1/36 [yak (10)]
  3159 | D:5      | Reached skill level 2 in Dodging
  3165 | D:5      | Killed a yak
  3165 | D:5      | Mangled by a yak

Vanquished Creatures
  An orc wizard (D:6)
  An adder (D:2)
  A gnoll (D:1)
  A worm (D:3)
  A dart slug (D:1)
  2 orcs (D:6)
  6 endoplasms
  4 giant cockroaches
  4 goblins
  4 hobgoblins
  2 quokkas
  4 ball pythons (D:1)
  5 bats
  5 frilled lizards (D:1)
  4 kobolds
  3 rats (D:2)
48 creatures vanquished.

Vanquished Creatures (collateral kills)
  A yak (D:5)
  A howler monkey (D:5)
2 creatures vanquished.

Vanquished Creatures (others)
  2 yaks (D:5)
  2 plants (D:1)
4 creatures vanquished.

Grand Total: 54 creatures vanquished

Table legend:
 A = Non-vault XP
 B = Vault XP
 C = Vault XP percentage of total XP
 D = Non-vault monster count
 E = Vault monster count
 F = Vault count percentage of total count
                 A         B        C        D         E       F
            +---------+---------+-------+---------+---------+-------
      Total |     404 |      10 |   2.4 |      44 |       6 |  12.0
            +---------+---------+-------+---------+---------+-------
        D:1 |      55 |       0 |   0.0 |      27 |       0 |   0.0
        D:2 |      28 |      10 |  26.3 |       9 |       6 |  40.0
        D:3 |       8 |       0 |   0.0 |       3 |       0 |   0.0
        D:5 |     271 |       0 |   0.0 |       2 |       0 |   0.0
        D:6 |      42 |       0 |   0.0 |       3 |       0 |   0.0
            +---------+---------+-------+---------+---------+-------

Illustrated notes

Table legend:
 A = Kills in this place as a percentage of kills in entire the game.
 B = Kills by you in this place as a percentage of kills by you in the entire game.
 C = Kills by friends in this place as a percentage of kills by friends in the entire game.
 D = Other kills in this place as a percentage of other kills in the entire game.
 E = Experience gained in this place as a percentage of experience gained in the entire game.
 F = Experience gained in this place divided by the number of levels of this place that you have seen.
                   A       B       C       D       E      F
               +-------+-------+-------+-------+-------+----------------------
         Total | 100.0 | 100.0 | 100.0 |   N/A | 100.0 |  82.8
       Dungeon | 100.0 | 100.0 | 100.0 |   N/A | 100.0 |  82.8
               +-------+-------+-------+-------+-------+----------------------

Table legend: (Time is in decaauts)
 A = Elapsed time spent in this place.
 B = Non-inter-level travel time spent in this place.
 C = Inter-level travel time spent in this place.
 D = Time resting spent in this place.
 E = Time spent auto-exploring this place.
 F = Levels seen in this place.
 G = Mean time per level.
                   A        B        C        D        E       F      G
               +--------+--------+--------+--------+--------+-----+--------+
         Total |   3193 |   3060 |    133 |    173 |   2394 |   5 |  638.6 |
       Dungeon |   3193 |   3060 |    133 |    173 |   2394 |   5 |  638.6 |
               +--------+--------+--------+--------+--------+-----+--------+

Top non-repeatable levels by time:
     D:1: 1807 daAuts
     D:2: 969 daAuts
     D:3: 204 daAuts
     D:6: 188 daAuts
     D:5: 24 daAuts
